 Dungeon Crawl Stone Soup version 0.24-a0-201-gf205589 (webtiles) character file.

Game seed: 13256562415023592093

267 Borgoz the Cutter (level 6, -8/37 HPs)
             Began as a Kobold Gladiator on Mar 24, 2019.
             Killed by divine providence
             ... invoked by an orc priest
              (10 damage)
             ... on level 3 of the Dungeon.
             The game lasted 00:04:53 (2755 turns).

Borgoz the Cutter (Kobold Gladiator)                Turns: 2755, Time: 00:04:54

Health: -8/37      AC:  5    Str: 17    XL:     6   Next: 45%
Magic:  6/6        EV: 17    Int: 11    God:
Gold:   172        SH:  0    Dex: 16    Spells: 5/5 levels left

rFire    . . .     SeeInvis .   a - +0 rapier
rCold    . . .     Gourm    .   (shield restricted)
rNeg     . . .     Faith    .   b - +0 leather armour
rPois    .         Spirit   .   c - +0 helmet
rElec    .         Reflect  .   (no cloak)
rCorr    .         Harm     .   s - +0 pair of gloves
MR       .....                  (no boots)
Stlth    ++........             (no amulet)
HPRegen  0.12/turn              (no ring)
MPRegen  0.10/turn              (no ring)

@: mighty
A: small, carnivore
a: no special abilities


You were on level 3 of the Dungeon.
You were completely stuffed.

You visited 1 branch of the dungeon, and saw 3 of its levels.

You collected 172 gold pieces.

Inventory:

Hand Weapons
 a - a +0 rapier (weapon)
 l - a +1 dagger of flaming
Missiles
 d - 3 throwing nets (quivered)
Armour
 b - a +0 leather armour (worn)
 c - a +0 helmet (worn)
 s - a +0 pair of gloves (worn)
Scrolls
 g - 4 scrolls of identify {unknown}
 h - 2 scrolls of magic mapping {unknown}
 o - a scroll of amnesia {unknown}
 p - 3 scrolls of remove curse
 r - a scroll of enchant weapon {unknown}
 t - a scroll of random uselessness {unknown}
Comestibles
 f - 8 rations


   Skills:
 + Level 3.5 Fighting
 + Level 5.2 Short Blades
 - Level 2.2 Throwing
 + Level 1.9 Armour
 + Level 4.9 Dodging
 + Level 3.5 Stealth


You had 5 spell levels left.
You didn't know any spells.
Your spell library was empty.

Dungeon Overview and Level Annotations

Branches:
Dungeon (3/15)

Altars:
Fedhas
Gozag
Ru
Xom
Yredelemnul


Innate Abilities, Weirdness & Mutations

You are small and have problems with some larger weapons.
You are carnivorous and can eat meat at any time.


Message History

The orc closely misses you.
You hit the orc but do no damage.
The orc is heavily wounded.
The orc hits you but does no damage.
The orc hits you from afar with a +1 trident of distortion.
Space warps horribly around you!
* * * LOW HITPOINT WARNING * * *
You are too injured to fight recklessly!
You are too injured to fight recklessly!
You are too injured to fight recklessly!
You are too injured to fight recklessly!
You feel very mighty all of a sudden.
The orc hits you with a +2 vampiric dagger.
* * * LOW HITPOINT WARNING * * *
The orc draws strength from your wounds!
The orc closely misses you.
You hit the orc but do no damage. The orc misses you.
The orc priest calls down the wrath of Beogh upon you.
Beogh smites you!
You die...

#..........#####(####
#..........
...8.....8).(.(..#
#.###.####.
...........#####.#
#..##)# #.
...###....## #.#
##.##.# #. #### ###.##
### #..#.# #. # #.####
##.#.# #. # #.#....
####...# #. #
#.#....o#######......#
#. #
#......oo@........#..#
#. #
#......o#######.#.##.#
#. # #......
#####.#.#..## #. #
#.....
####...........# #. #
#.... #....####.####.#
#. # .#
####.##.....##.# #. #
#.#.......#.# #. #
#.#......(#.###. #
##....._......##.


You could see an orc priest and 3 orcs.

Vanquished Creatures
  A sky beast (D:3)
  An orc wizard (D:3)
  A worker ant (D:3)
  5 adders
  2 oozes
  2 worms (D:3)
  3 leopard geckos
  9 orcs (D:3)
  2 giant cockroaches (D:2)
  5 goblins
  6 hobgoblins
  2 jackals (D:1)
  6 kobolds
  2 ball pythons (D:2)
  8 bats
  5 frilled lizards
  8 rats
68 creatures vanquished.

Notes
Turn   | Place    | Note
-------+----------+-------------------------------------------
     0 | D:1      | Borgoz the Kobold Gladiator began the quest for the Orb.
     0 | D:1      | Reached XP level 1. HP: 12/12 MP: 1/1
   229 | D:1      | Reached XP level 2. HP: 18/18 MP: 2/2
   357 | D:1      | Found a shimmering altar of Xom.
   359 | D:1      | Reached skill level 1 in Stealth
   879 | D:2      | Reached XP level 3. HP: 22/22 MP: 3/3
   992 | D:2      | Found a sacrificial altar of Ru.
   993 | D:2      | Found an opulent altar of Gozag.
  1234 | D:2      | Reached skill level 1 in Armour
  1234 | D:2      | Reached XP level 4. HP: 27/27 MP: 4/4
  1361 | D:2      | Found a basalt altar of Yredelemnul.
  1458 | D:3      | Found a blossoming altar of Fedhas.
  1908 | D:3      | Noticed a sky beast
  1922 | D:3      | Killed a sky beast
  1922 | D:3      | Reached XP level 5. HP: 8/32 MP: 5/5
  2259 | D:3      | Reached skill level 5 in Short Blades
  2378 | D:3      | Found a shimmering altar of Xom.
  2409 | D:3      | Reached XP level 6. HP: 37/37 MP: 6/6
  2754 | D:3      | HP: 1/37 [orc/+2 vampiric dagger (5)]
  2755 | D:3      | Killed from afar by an orc priest

Levels and vault maps discovered:
D:1:      wander_arrival_abandoned_jail, layout_loops_corners, xom_teletrap_fun
D:2:      layout_rooms, nicolae_overflow_hidden_temple, marbit_many_paths,
          amethyst_overflow_temple_binary, first_ration
D:3:      layout_basic, overflow_temple_1_default, old_standard_altar,
          serial_corexii_hall, chequers_hall_statues_corner_a,
          corexii_hall_statues_i, st_stairs_1, grunt_ministairs_13

Skill      XL: |  1  2  3  4  5 |
---------------+----------------+-----
Stealth        | 1 2 3 |  3.5
Dodging        | 4 |  4.9
Armour         | 1 |  1.9
Fighting       | 3 |  3.5
Short Blades   | 5 |  5.2
Throwing       | |  2.2

Action                   |  1- 3 |  4- 6 || total
-------------------------+-------+-------++-------
Melee: Rapier            |    81 |   125 ||   206
  Use: Potion            |       |     8 ||     8
       Scroll            |       |     2 ||     2
 Stab: Sleeping          |     4 |     4 ||     8
  Eat: Chunk             |     9 |     5 ||    14
Armor: Leather armour    |    22 |    19 ||    41
       Skin              |       |    53 ||    53
Dodge: Dodged            |    88 |   102 ||   190

Table legend:
 A = Non-vault XP
 B = Vault XP
 C = Vault XP percentage of total XP
 D = Non-vault monster count
 E = Vault monster count
 F = Vault count percentage of total count
                 A         B        C        D         E       F
            +---------+---------+-------+---------+---------+-------
      Total |     354 |      28 |   7.3 |      60 |       8 |  11.8
            +---------+---------+-------+---------+---------+-------
        D:1 |      28 |       0 |   0.0 |      15 |       0 |   0.0
        D:2 |      57 |       2 |   3.4 |      22 |       1 |   4.3
        D:3 |     269 |      26 |   8.8 |      23 |       7 |  23.3
            +---------+---------+-------+---------+---------+-------
